 Dungeon Crawl Stone Soup version 0.28-a0-612-gcfc00ec14d (webtiles) character file.

Game seed: 1085881365668095251

265 spiderkeys the Cutter (level 6, -5/38 (39) HPs)
             Began as a Kobold Abyssal Knight on Oct 4, 2021.
             Was a Believer of Lugonu.
             Slain by a wight (15 damage)
             ... on level 4 of the Dungeon on Oct 5, 2021.
             The game lasted 00:08:43 (3379 turns).

spiderkeys the Cutter (Kobold Abyssal Knight)       Turns: 3379, Time: 00:08:43

HP:   -5/38 (39)    AC:  8    Str: 10    XL:     6   Next: 44%
MP:   6/8           EV: 15    Int: 12    God:    Lugonu [**....]
Gold: 113           SH:  0    Dex: 17    Spells: 5/5 levels left

rFire   . . .      SeeInvis .   b - +2 hand crossbow (flame)
rCold   . . .      Faith    .   (shield restricted)
rNeg    . . .      Spirit   .   f - +0 leather armour
rPois   .          Reflect  .   g - +0 hat
rElec   .          Harm     .   (no cloak)
rCorr   .          Rampage  .   (no gloves)
Will    .....                   l - +0 pair of boots
Stlth   +++.......              (no amulet)
HPRegen 0.12/turn               O - +4 ring of protection
MPRegen 0.11/turn               L - ring of flight

@: flying, lightly drained
A: small, no large weapons, nightstalker 3
a: Renounce Religion, Depart the Abyss, Bend Space


You were on level 4 of the Dungeon.
You worshipped Lugonu.
Lugonu was pleased with you.
You visited 1 branch of the dungeon, and saw 4 of its levels.
You visited the Abyss 1 time.

You collected 113 gold pieces.


Innate Abilities, Weirdness & Mutations

You are small and have problems with some larger weapons.
You are completely attuned to the shadows.


   Skills:
 + Level 4.3 Fighting
 + Level 4.4 Short Blades
 - Level 1.2 Armour
 + Level 4.0 Dodging
 + Level 3.0 Stealth
 + Level 3.4 Invocations


You had 5 spell levels left.
You didn't know any spells.
Your spell library was empty.

Inventory:

Hand Weapons
 a - a +1 short sword
 b - a +2 hand crossbow of flaming (weapon)
   (You took it off a hobgoblin on level 2 of the Dungeon)
 u - a +3 dagger
   (You took it off a goblin on level 3 of the Dungeon)
 v - a +0 rapier
   (You found it on level 3 of the Dungeon)
Missiles
 d - 58 bolts (quivered ammo)
 h - 100 stones
 j - 66 arrows
 k - 2 throwing nets {=f!f}
 w - 17 sling bullets
Armour
 f - a +0 leather armour (worn)
 g - a +0 hat (worn)
   (You found it on level 2 of the Dungeon)
 l - a +0 pair of boots (worn)
   (You found it on level 2 of the Dungeon)
Jewellery
 L - a ring of flight (right hand)
   (You took it off a goblin on level 1 of the Dungeon)
 O - a +4 ring of protection (left hand)
   (You found it on level 2 of the Abyss)
 R - a ring of resist corrosion
   (You found it on level 2 of the Dungeon)
Scrolls
 c - a scroll of blinking {!r}
 m - a scroll of holy word
 q - a scroll of vulnerability {!r!r}
 x - a scroll of identify {@r1}
Potions
 e - a potion of ambrosia {unknown}
 i - a potion of berserk rage {unknown}
 n - a potion of brilliance {unknown}
 o - 3 potions of flight {unknown}
 p - 2 potions of curing {unknown}
 r - a potion of might {unknown}
 s - 2 potions of heal wounds {unknown}
 t - a potion of lignification {unknown}

Dungeon Overview and Level Annotations

Branches:
Dungeon (4/15)
 Temple: D:4-7

Altars:
Fedhas

># ###.# #...#
###...###
#.......#
#.......#
#...((.(z@.#
#.####.ยง.#.#
. #...#.#
##.##.#
#.##.#####
#.........
####.##### #.#
.########.####


You could see a wight.


Message History

Your experience leads to an increase in your attributes!
Increase (S)trength, (I)ntelligence, or (D)exterity?
You feel agile. ๐Ÿ˜ฎ HP[+3] MP[+1]
You now have 39 max hp (+6).
You regained 3 hp, and now have 23/39 hp.
Your mp is fully restored (8).
d - 45 bolts (gained 1);
j - 66 arrows (gained 31)
Things that are here:
a +0 shortbow; a centaur corpse ๐Ÿ˜Ž HP[+16]
Your hp is fully restored (39).
d - 46 bolts (gained 1)
d - 47 bolts (gained 1)
You now have 105 gold pieces (gained 13).
w - 17 sling bullets
s - 2 blue potions (gained 1)
An endoplasm comes into view.
You shoot a bolt.
The bolt hits the endoplasm but does no damage.
The endoplasm quivers.
You shoot a bolt. The bolt hits the endoplasm!
The bolt burns the endoplasm.
You kill the endoplasm!
Lugonu accepts your kill.
Your +2 hand crossbow of flaming stops flaming.
a - a +1 short sword (weapon)
d - 46 bolts (gained 1)
d - 47 bolts (gained 1)
h - 100 stones (gained 16)
There is a stone staircase leading up here.
There is a stone staircase leading up here.
There is an open gate here.
x - a scroll of identify {@r1}
There is an open gate here.
You see here a +0 ring mail.
Found a stone staircase leading up.
There is a stone staircase leading up here.
Done exploring.
Done exploring.
There is a stone staircase leading up here.
There is a stone staircase leading down here.
You fly downwards.
There is a stone staircase leading up here.
k - 2 throwing nets {=f!f} (gained 1)
d - 64 bolts (gained 17)
Found a stone staircase leading down.
You now have 113 gold pieces (gained 8).
A wight comes into view. It is wielding a +9 falchion.
A wight is nearby!
Your +2 hand crossbow of flaming bursts into flame!
b - a +2 hand crossbow of flaming (weapon)
Fire: 64 bolts
Press: ? - help, Q - select action, (/) - cycle Shift-Dir - straight line, f - wight
Aim: a wight, wielding a +9 falchion and wearing a +0 robe (67% to hit)
You shoot a bolt. The bolt closely misses the wight.
Fire: 63 bolts
Press: ? - help, Q - select action, (/) - cycle Shift-Dir - straight line, f/p - wight
Aim: a wight, wielding a +9 falchion and wearing a +0 robe (67% to hit)
You shoot a bolt. The bolt hits the wight!
The bolt burns the wight.
The wight hits you with a +9 falchion!
The wight closely misses you. ๐Ÿ˜ฎ HP[-17]
You take 17 damage, and now have 22/39 hp.
MASSIVE DAMAGE!! (PAUSE) Fire: 62 bolts
Press: ? - help, Q - select action, (/) - cycle Shift-Dir - straight line, f/p - wight
Aim: a wight, wielding a +9 falchion and wearing a +0 robe (severely damaged, 67% to hit)
You shoot a bolt.
The bolt hits the wight but does no damage.
The wight hits you with a +9 falchion!
* * * LOW HITPOINT WARNING * * *
You feel drained. ๐Ÿ˜จ HP[-8]
You now have 38 max hp (-1).
You take 8 damage, and now have 14/38 hp.
MASSIVE DAMAGE!! (PAUSE) Space bends around you!
You blink. ๐Ÿ˜จ HP[-2] MP[-1]
You take 2 damage, and now have 12/38 hp.
You lost 1 mp, and now have 7/8 mp.
Fire: 61 bolts
Press: ? - help, Q - select action, (/) - cycle Shift-Dir - straight line, f/p - wight
Aim: a wight, wielding a +9 falchion and wearing a +0 robe (severely damaged, 67% to hit)
You shoot a bolt. The bolt hits the wight.
The bolt burns the wight.
Space bends around you!
You blink. ๐Ÿ˜จ HP[-2] MP[-1]
You take 2 damage, and now have 10/38 hp.
You lost 1 mp, and now have 6/8 mp.
Fire: 60 bolts
Press: ? - help, Q - select action, (/) - cycle Shift-Dir - straight line, f/p - wight
Aim: a wight, wielding a +9 falchion and wearing a +0 robe (almost destroyed, 67% to hit)
You shoot a bolt.
The bolt hits the wight but does no damage.
Fire: 59 bolts
Press: ? - help, Q - select action, (/) - cycle Shift-Dir - straight line, f/p - wight
Aim: a wight, wielding a +9 falchion and wearing a +0 robe (almost destroyed, 67% to hit)
You shoot a bolt. The bolt completely misses the wight.
The wight hits you with a +9 falchion!
You die...

Skill      XL: |  1  2  3  4  5 |
---------------+----------------+-----
Short Blades   | 3 4 |  4.4
Armour         | 1 |  1.2
Dodging        | 3 4 |  4.0
Stealth        | 1 3 |  3.0
Fighting       | 4 |  4.3
Invocations    | 3 |  3.4

Action                   |  1- 3 |  4- 6 || total
-------------------------+-------+-------++-------
Melee: Short sword       |    53 |   112 ||   165
 Fire: Hand crossbow     |       |    19 ||    19
Invok: Bend Space        |       |     3 ||     3
  Use: Scroll            |     1 |     3 ||     4
 Stab: Sleeping          |     2 |    11 ||    13
Armor: Leather armour    |    18 |    31 ||    49
Dodge: Dodged            |    32 |    97 ||   129

Levels and vault maps discovered:
D:1:      dpeg_arrival_radiant, layout_rooms, chequers_ecumenical_altar_island,
          minmay_misc_feat_encased, serial_park_tiny_pond
D:2:      layout_rooms
D:3:      layout_loops_ring, mainiacjoe_overflow_alcove_4, serial_glass,
          glass_columns_a, glass_columns_a, glass_columns_a, glass_columns_b,
          glass_columns_b, glass_columns_b, glass_columns_a, glass_columns_a,
          glass_columns_b, glass_columns_c, minmay_strange_pillars,
          item_on_display_a, feat_on_display
D:4:      layout_loops_ring, minmay_temple_entry_glass,
          ebering_ghost_reflecting_pool

Notes
Turn   | Place    | Note
-------+----------+-------------------------------------------
     0 | Abyss:1  | spiderkeys the Kobold Abyssal Knight began the quest for
                  | the Orb.
     0 | Abyss:1  | Reached XP level 1. HP: 14/14 MP: 2/2
     0 | Abyss:1  | magus.rc [v1.9.10]
   146 | Abyss:2  | Noticed a ynoxinul
   162 | Abyss:2  | Noticed an eye of devastation
   221 | Abyss:2  | Noticed an iron imp
   230 | Abyss:2  | Killed an iron imp
   231 | Abyss:2  | Reached skill level 3 in Short Blades
   231 | Abyss:2  | Reached skill level 1 in Armour
   231 | Abyss:2  | Reached XP level 2. HP: 7/19 MP: 3/3
   231 | Abyss:2  | Reached XP level 3. HP: 8/23 MP: 4/4
   239 | Abyss:2  | Noticed a small abomination
   245 | Abyss:2  | Noticed a small abomination
   247 | D:1      | You pass through the gate.
   247 | D:1      | Escaped the Abyss
   619 | D:1      | Reached skill level 3 in Dodging
   711 | D:1      | Reached XP level 4. HP: 14/29 MP: 5/5
   987 | D:1      | Reached skill level 1 in Stealth
   999 | D:1      | Reached ** piety under Lugonu
  1383 | D:1      | Found a faded altar of an unknown god.
  1901 | D:2      | Reached XP level 5. HP: 33/33 MP: 7/7
  2258 | D:3      | Found a blossoming altar of Fedhas.
  2259 | D:3      | Noticed a centaur
  2539 | D:3      | Noticed a bullfrog
  2544 | D:3      | Upgraded the game from 0.28-a0-595-g9f6c0e134a to
                  | 0.28-a0-612-gcfc00ec14d
  2544 | D:3      | magus.rc [v1.9.10]
  2547 | D:3      | Killed a bullfrog
  2548 | D:3      | Reached skill level 4 in Fighting
  2548 | D:3      | Reached skill level 4 in Short Blades
  2548 | D:3      | Reached skill level 2 in Stealth
  2548 | D:3      | Reached skill level 3 in Invocations
  2773 | D:3      | magus.rc [v1.9.10]
  2789 | D:3      | Killed a centaur
  2790 | D:3      | Reached skill level 4 in Dodging
  2790 | D:3      | Reached skill level 3 in Stealth
  2790 | D:3      | Reached XP level 6. HP: 23/39 MP: 8/8
  3379 | D:4      | Slain by a wight

Vanquished Creatures
  A centaur (D:3)
  A bullfrog (D:3)
  An iron imp (Abyss:2)
  2 adders (D:2)
  2 worms
  3 dart slugs
  7 endoplasms
  A giant cockroach (D:1)
  5 goblins
  8 hobgoblins
  8 kobolds
  3 quokkas
  3 ball pythons
  3 bats (D:1)
  3 frilled lizards (D:1)
  9 rats
60 creatures vanquished.

Table legend:
 A = Non-vault XP
 B = Vault XP
 C = Vault XP percentage of total XP
 D = Non-vault monster count
 E = Vault monster count
 F = Vault count percentage of total count
                 A         B        C        D         E       F
            +---------+---------+-------+---------+---------+-------
      Total |     379 |       0 |   0.0 |      60 |       0 |   0.0
            +---------+---------+-------+---------+---------+-------
        D:1 |      58 |       0 |   0.0 |      33 |       0 |   0.0
        D:2 |      49 |       0 |   0.0 |      13 |       0 |   0.0
        D:3 |     232 |       0 |   0.0 |      13 |       0 |   0.0
    Abyss:2 |      40 |       0 |   0.0 |       1 |       0 |   0.0
            +---------+---------+-------+---------+---------+-------

Illustrated notes

Table legend:
 A = Kills in this place as a percentage of kills in entire the game.
 B = Kills by you in this place as a percentage of kills by you in the entire game.
 C = Kills by friends in this place as a percentage of kills by friends in the entire game.
 D = Other kills in this place as a percentage of other kills in the entire game.
 E = Experience gained in this place as a percentage of experience gained in the entire game.
 F = Experience gained in this place divided by the number of levels of this place that you have seen.
                   A       B       C       D       E      F
               +-------+-------+-------+-------+-------+----------------------
         Total | 100.0 | 100.0 |   N/A |   N/A | 100.0 |  63.2
       Dungeon |  98.3 |  98.3 |   N/A |   N/A |  89.4 |  84.8
         Abyss |   1.7 |   1.7 |   N/A |   N/A |  10.6 |  20.0
               +-------+-------+-------+-------+-------+----------------------

Table legend: (Time is in decaauts)
 A = Elapsed time spent in this place.
 B = Non-inter-level travel time spent in this place.
 C = Inter-level travel time spent in this place.
 D = Time resting spent in this place.
 E = Time spent auto-exploring this place.
 F = Levels seen in this place.
 G = Mean time per level.
                   A        B        C        D        E       F      G
               +--------+--------+--------+--------+--------+-----+--------+
         Total |   3381 |   3308 |     73 |    200 |   2409 |   6 |  563.5 |
       Dungeon |   3135 |   3062 |     73 |    200 |   2316 |   4 |  783.8 |
         Abyss |    245 |    245 |      0 |      0 |     93 |   2 |  122.5 |
               +--------+--------+--------+--------+--------+-----+--------+

Top non-repeatable levels by time:
     D:1: 1288 daAuts
     D:3: 1050 daAuts
     D:2: 608 daAuts
     D:4: 188 daAuts
 Abyss:2: 134 daAuts
 Abyss:1: 111 daAuts
